 Dungeon Crawl Stone Soup version 0.22-a0-525-gf69a080 (webtiles) character file.

34 Darkshadow the Chopper (level 3, -3/33 HPs)
             Began as a Hill Orc Monk on June 21, 2018.
             Killed by nerve-wracking pain
             ... invoked by a shadow imp
             ... summoned by Natasha
              (11 damage)
             ... on level 2 of the Dungeon.
             The game lasted 00:03:40 (1327 turns).

Darkshadow the Chopper (Hill Orc Monk)              Turns: 1327, Time: 00:03:40

Health: -3/33      AC:  2    Str: 14    XL:     3   Next: 31%
Magic:  3/3        EV: 13    Int: 10    God:
Gold:   73         SH:  0    Dex: 13    Spells: 2/2 levels left

rFire    . . .     SeeInvis .   a - +0 hand axe
rCold    . . .     Gourm    .   (no shield)
rNeg     . . .     Faith    .   b - +0 robe
rPois    .         Spirit   .   (no helmet)
rElec    .         Reflect  .   (no cloak)
rCorr    .         Harm     .   (no gloves)
MR       .....                  (no boots)
Stlth    ++........             (no amulet)
HPRegen  0.11/turn              (no ring)
MPRegen  0.08/turn              (no ring)

@: no status effects
A: no striking features
a: no special abilities


You were on level 2 of the Dungeon.
You were very hungry.

You visited 1 branch of the dungeon, and saw 2 of its levels.

You collected 73 gold pieces.

Inventory:

Hand Weapons
 a - a +0 hand axe (weapon)
Missiles
 f - 22 stones (quivered)
 l - 5 needles of confusion
Armour
 b - a +0 robe (worn)
Scrolls
 d - a scroll of fear {unknown}
 e - 2 scrolls of identify {unknown}
 h - a scroll of magic mapping {unknown}
 i - a scroll of noise {unknown}
 j - a scroll of fog {unknown}
 k - a scroll of remove curse {unknown}
Potions
 g - a potion of haste {unknown}
Comestibles
 c - a ration


   Skills:
 + Level 4.1 Fighting
 * Level 4.8 Axes
 + Level 1.4 Armour
 - Level 2.4 Dodging
 - Level 1.5 Stealth


You had 2 spell levels left.
You didn't know any spells.
Your spell library was empty.

Dungeon Overview and Level Annotations

Branches:
Dungeon (2/15)

Altars:

Annotations:
D:2 Natasha


Message History

* * * LOW HITPOINT WARNING * * *
The shadow imp barely misses you.
You hit Natasha but do no damage.
Natasha is lightly wounded.
You hit the shadow imp but do no damage.
Natasha casts a spell at you. You resist with significant effort.
The shadow imp hits you but does no damage.
You hit Natasha.
Natasha is moderately wounded.
You barely miss the shadow imp. Natasha misses you.
The shadow imp closely misses you.
You barely miss Natasha.
Natasha is lightly wounded.
You hit the shadow imp. Natasha casts a spell at you.
You resist with significant effort. The shadow imp gestures at you.
Pain shoots through your body!
You die...

#.......#
#.......#
#.......#
#......#
###......#####
#..............#
#..5h..........#
#!..@..........#
####...........#
#...........#
#...........#
#...........###
#............<#
######...#'####
###.#.# #...#


You could see Natasha and a shadow imp.

Vanquished Creatures
  An ooze (D:1)
  3 dart slugs (D:1)
  A giant cockroach (D:1)
  A goblin (D:1)
  2 hobgoblins (D:1)
  2 kobolds (D:1)
  A ball python (D:1)
  7 bats
  2 frilled lizards (D:1)
  5 rats (D:1)
25 creatures vanquished.

Notes
Turn   | Place    | Note
-------+----------+-------------------------------------------
     0 | D:1      | Darkshadow the Hill Orc Monk began the quest for the Orb.
     0 | D:1      | Reached XP level 1. HP: 19/19 MP: 1/1
   255 | D:1      | Reached XP level 2. HP: 17/27 MP: 2/2
   274 | D:1      | Reached skill level 1 in Armour
   714 | D:1      | Reached XP level 3. HP: 29/33 MP: 3/3
  1314 | D:2      | Noticed Natasha
  1327 | D:2      | Killed from afar by a shadow imp

Vault maps used:
D:1:      sevenhm_arrival_forest_fort_large_2
D:2:      okawaru_gym_becter, uniq_natasha

Skill      XL: |  1  2 |
---------------+-------+-----
Armour         | 1 |  1.4
Fighting       | 4 |  4.1
Axes           | |  4.8
Dodging        | |  2.4
Stealth        | |  1.5

Action                   || total
-------------------------++-------
Melee: Hand axe          ||    76
Throw: Stone             ||    42
Armor: Robe              ||    23
Dodge: Dodged            ||    57

Table legend:
 A = Spawn XP
 B = Non-spawn XP
 C = Spawn XP percentage of total XP
 D = Spawn monster count
 E = Non-spawn monster count
 F = Spawn count percentage of total count
 G = Total turns spent on level
                    A         B        C        D         E        F      G
               +---------+---------+-------+---------+---------+-------+---------
         Total |       0 |      49 |   0.0 |       0 |      25 |   0.0 |  1327
               +---------+---------+-------+---------+---------+-------+---------
           D:1 |       0 |      48 |   0.0 |       0 |      24 |   0.0 |  1204
           D:2 |       0 |       1 |   0.0 |       0 |       1 |   0.0 |   123
               +---------+---------+-------+---------+---------+-------+---------
